 Dungeon Sprint DCSS version 0.18-a0-19-g8b99b3a (webtiles) character file.

364 kosy22 the Ducker (level 6, -13/68 HPs)
             Began as a Troll Fighter on Nov 1, 2015.
             Mangled by a sun demon (26 damage)
             ... summoned by a kobold demonologist
             ... in the Dungeon (Sprint III: "The Ten Rune Challenge").
             The game lasted 00:01:46 (249 turns).

kosy22 the Ducker (Troll Fighter)                    Turns: 249, Time: 00:01:46

Health: -13/68     AC:  5    Str: 27    XL:     6   Next: 39%
Magic:  5/5        EV: 11    Int:  4    God:
Gold:   0          SH: 10    Dex:  9    Spells: 0 memorised, 5 levels left

rFire  . . .     SeeInvis .       - Unarmed
rCold  . . .     Clarity  .     a - +0 robe
rNeg   . . .     SustAt   .     b - +0 shield
rPois  .         Gourm    +     (helmet restricted)
rElec  .         Spirit   .     m - -1 cloak (curse)
rCorr  .         Warding  .     (gloves unavailable)
rMut   .         NoTele   +     (boots unavailable)
MR     .....                    (no amulet)
Stlth  +.........               (no ring)
                                (no ring)

@: not resistant to hostile enchantments, very unstealthy
A: unfitting armour, claws 3, fast metabolism 3, gourmand, regeneration 2,
shaggy fur 1, tough skin 2
a: no special abilities


You were in the Dungeon.
You were not hungry.

You visited 1 branch

Inventory:

Armour
 a - a +0 robe (worn)
 b - a +0 shield (worn)
 m - a cursed -1 cloak (worn)
Scrolls
 j - a scroll of blinking
Potions
 c - a potion of might
 f - a potion of lignification {unknown}
 g - a potion of haste
 h - 2 potions of magic
 i - a potion of berserk rage
 k - a potion of cure mutation {unknown}
Comestibles
 d - 2 bread rations


   Skills:
 + Level 6.6 Fighting
 + Level 7.3 Dodging
 + Level 5.9 Shields
 + Level 5.3 Unarmed Combat


You had 5 spell levels left.
You didn't know any spells.

Dungeon Overview and Level Annotations

Branches:
Dungeon (1/1)

Altars:
Elyvilon
Kikubaaqudgha
Sif Muna
Vehumet
Zin
The Shining One


Innate Abilities, Weirdness & Mutations

You are too large for most types of armour.
You have claws for hands.
Your metabolism is lightning-fast.
You like to eat raw meat.
You heal very quickly.
You are covered in fur (AC +1).
You have very tough skin (AC +2).


Message History

The wizard closely misses you.
You claw the wizard!
You kill the wizard!
The kobold demonologist gestures wildly while chanting.
You scratch the sun demon but do no damage.
You block the sun demon's attack.
You miss the sun demon. The sun demon hits you!!
You are engulfed in flames!
You claw the sun demon!
The sun demon is lightly wounded.
The sun demon barely misses you.
You scratch the sun demon but do no damage.
The sun demon is lightly wounded.
The sun demon hits you!
* * * LOW HITPOINT WARNING * * *
You are engulfed in flames!
* * * LOW HITPOINT WARNING * * *
The kobold demonologist gestures wildly while chanting.
Drink which item? (? for menu, Esc to quit)
You feel better. The sun demon hits you!!
You die...

# +.... ♣.##### # #....
♣.#___# ####....♣ ♣.#.).#
...#....≈.♣♣♣♣.###'#+###+#
...#...≈≈♣♣..♣.#..........
...#..≈≈≈≈♣...='.⌠........
##'#..≈≈≈≈≈≈♣..#...######+
..[#.≈≈≈≈≈≈)...#.⌠.#
...#.≈≈≈≈≈.....#@..#
...#.≈≈≈.......#3###
####...........#K3
...............#3__
▓▓▓▓▓▓▓▓▓▓▓▓▓▓▓▓▓▓▓▓


You could see a sun demon, a kobold demonologist and 2 ynoxinuls.

Vanquished Creatures
  A deep elf priest (D)
  A water elemental (D)
  Crazy Yiuf (D)
  Jessica (D)
  A wizard (D)
  A human (D)
  An ooze (D)
  2 rats (D)
9 creatures vanquished.

Vanquished Creatures (others)
  2 draconian scorchers (D)
  A yaktaur (D)
  2 plants (D)
5 creatures vanquished.

Grand Total: 14 creatures vanquished

Notes
Turn   | Place    | Note
--------------------------------------------------------------
     0 | D        | kosy22 the Troll Fighter began the quest for the Orb.
     0 | D        | Reached XP level 1. HP: 22/22 MP: 0/0
     7 | D        | Reached skill level 3 in Fighting
    16 | D        | Noticed Jessica
    23 | D        | Killed Jessica
    23 | D        | Reached XP level 2. HP: 29/32 MP: 1/1
    23 | D        | Reached XP level 3. HP: 35/39 MP: 2/2
    71 | D        | Reached skill level 4 in Fighting
    78 | D        | Killed a yaktaur
   102 | D        | Noticed Crazy Yiuf
   114 | D        | Killed Crazy Yiuf
   114 | D        | Reached XP level 4. HP: 34/49 MP: 3/3
   140 | D        | Reached skill level 5 in Fighting
   140 | D        | Reached skill level 5 in Dodging
   180 | D        | Found a glowing silver altar of Zin.
   180 | D        | Found a glowing golden altar of the Shining One.
   180 | D        | Found a white marble altar of Elyvilon.
   181 | D        | Noticed a deep elf priest
   190 | D        | Killed a deep elf priest
   190 | D        | Reached skill level 6 in Fighting
   190 | D        | Reached skill level 7 in Dodging
   190 | D        | Reached skill level 5 in Shields
   190 | D        | Reached skill level 5 in Unarmed Combat
   190 | D        | Reached XP level 5. HP: 42/61 MP: 4/4
   190 | D        | Reached XP level 6. HP: 46/68 MP: 5/5
   207 | D        | Killed a white draconian scorcher
   226 | D        | Killed a white draconian scorcher
   240 | D        | Found a radiant altar of Vehumet.
   240 | D        | Found a deep blue altar of Sif Muna.
   240 | D        | Found an ancient bone altar of Kikubaaqudgha.
   245 | D        | Noticed a ynoxinul
   245 | D        | Noticed a sun demon
   249 | D        | Noticed a ynoxinul
   249 | D        | Mangled by a sun demon

Vault maps used:
D:        dungeon_sprint_mu

Action                   |  1- 3 |  4- 6 || total
-------------------------+-------+-------++-------
Melee: Unarmed           |    28 |    23 ||    51
  Use: Potion            |     1 |     1 ||     2
       Scroll            |       |     1 ||     1
  Eat: Chunk             |     1 |       ||     1
